 Dungeon Crawl Stone Soup version 0.25-b1-46-gb8a1ec05df (webtiles) character file.

Game seed: 7899957461656945899

679 grindst0ne the Sneak (level 7, -3/64 HPs)
             Began as a Naga Monk on June 9, 2020.
             Was a Believer of Cheibriados.
             Slain by Prince Ribbit (10 damage)
             ... on level 5 of the Dungeon.
             The game lasted 00:10:24 (5187 turns).

grindst0ne the Sneak (Naga Monk)                    Turns: 5187, Time: 00:10:25

Health: -3/64      AC:  6    Str: 19    XL:     7   Next: 60%
Magic:  9/9        EV:  9    Int: 17    God:    Cheibriados [**....]
Gold:   304        SH: 10    Dex: 18    Spells: 6/6 levels left

rFire    + . .     SeeInvis +     - Unarmed
rCold    . . .     Gourm    .   f - +0 kite shield
rNeg     . . .     Faith    .   d - +3 leather armour {rF+}
rPois    +         Spirit   .   (no helmet)
rElec    .         Reflect  .   (no cloak)
rCorr    .         Harm     .   (no gloves)
MR       .....                  (no barding)
Stlth    +++.......             (no amulet)
HPRegen  0.20/turn              (no ring)
MPRegen  0.11/turn              (no ring)

@: mighty, very slow
A: large, see invisible, deformed body, poison resistance, slowness 2, slow
metabolism 1, spit poison 1, AC +2
a: Spit Poison, Bend Time, Renounce Religion


You were on level 5 of the Dungeon.
You worshipped Cheibriados.
Cheibriados was pleased with you.
You were hungry.

You visited 1 branch of the dungeon, and saw 5 of its levels.

You collected 304 gold pieces.

Inventory:

Hand Weapons
 a - a +0 dagger
 g - a +0 vorpal hand axe
Armour
 d - a +3 leather armour of fire resistance (worn)
 f - a +0 kite shield (worn)
 o - a +0 ring mail
Wands
 h - a wand of paralysis (2)
Scrolls
 e - 2 scrolls of enchant armour
 i - 3 scrolls of noise {unknown}
 j - a scroll of teleportation {unknown}
 k - a scroll of amnesia
 l - 2 scrolls of random uselessness {unknown}
 n - a scroll of immolation {unknown}
 q - 2 scrolls of magic mapping
 r - a scroll of remove curse {unknown}
 s - a scroll of fear
 t - 2 scrolls of blinking
 y - 2 scrolls of identify
Potions
 m - 4 potions of flight
 u - a potion of lignification {unknown}
 w - a potion of stabbing {unknown}
 x - 2 potions of berserk rage {unknown}
Comestibles
 b - 8 rations
 v - 4 chunks of flesh


   Skills:
 - Level 4.1 Fighting
 - Level 2.4 Dodging
 - Level 5.0 Stealth
 * Level 4.0 Shields
 + Level 4.6 Unarmed Combat
 * Level 3.2 Invocations


You had 6 spell levels left.
You didn't know any spells.
Your spell library contained the following spells:

 Spells                   Type           Power        Failure   Level  Hunger
 Animate Skeleton         Necr           N/A          63%         1    ##.....
 Apportation              Tloc           #.....       63%         1    ##.....
 Corona                   Hex            #......      63%         1    ##.....
 Summon Small Mammal      Summ           #...         63%         1    ##.....


Dungeon Overview and Level Annotations

Branches:
Dungeon (5/15)             Temple (0/1) D:5

Altars:
Cheibriados
Dithmenos
Ru

Annotations:
D:2 exclusion: downstairs
D:5 Prince Ribbit


Innate Abilities, Weirdness & Mutations

You cannot wear boots.
Your serpentine skin is tough. (AC +2)
You have supernaturally acute eyesight. (SInv)
Armour fits poorly on your strangely shaped body.
Your system is resistant to poisons. (rPois)
You cover ground very slowly.
You have a slow metabolism.
You can spit poison.


Message History

Prince Ribbit is moderately wounded.
Prince Ribbit is no longer paralysed.
Prince Ribbit closely misses you. Prince Ribbit hits you.
You closely miss Prince Ribbit.
Prince Ribbit is moderately wounded.
Prince Ribbit catches a millipede with his tongue.
Prince Ribbit closely misses you.
You are feeling hungry.
You barely miss Prince Ribbit.
Prince Ribbit is moderately wounded.
You block Prince Ribbit's attack. Prince Ribbit hits you!
You barely miss Prince Ribbit.
Prince Ribbit is moderately wounded.
Prince Ribbit blinks!
You feel very mighty all of a sudden.
You are too injured to fight recklessly!
Prince Ribbit hits you!
* * * LOW HITPOINT WARNING * * *
Prince Ribbit hits you!
You die...

.....# #.#
.....# #.#
.....# #.#
.....# #.#
....## #.#
....# #.#
....### #.#
.....>#
#.#########
#####.#
#....F@..(#
#.#
#########.#
#.# #
#####.###
........#
###.....#
#.....#
#.....#
#.....#


You could see Prince Ribbit.

Vanquished Creatures
  Sigmund (D:2)
  Eustachio (D:5)
  A bullfrog (D:4)
  2 crimson imps
  An orc priest (D:3)
  A hound (D:4)
  An orc wizard (D:5)
  Ijyb (D:4)
  A worker ant (D:5)
  4 adders
  2 worms
  A dart slug (D:2)
  10 orcs
  6 giant cockroaches
  6 goblins
  10 hobgoblins
  A quokka (D:3)
  2 ball pythons (D:5)
  7 bats
  4 frilled lizards
  5 kobolds
  11 rats
79 creatures vanquished.

Notes
Turn   | Place    | Note
-------+----------+-------------------------------------------
     0 | D:1      | grindst0ne the Naga Monk began the quest for the Orb.
     0 | D:1      | Reached XP level 1. HP: 21/21 MP: 1/1
   263 | D:1      | Reached XP level 2. HP: 23/28 MP: 2/2
   568 | D:1      | Reached skill level 1 in Shields
  1056 | D:1      | Reached XP level 3. HP: 34/34 MP: 3/3
  1246 | D:2      | Noticed Sigmund
  1379 | D:2      | Killed Sigmund
  1379 | D:2      | Reached skill level 4 in Stealth
  1379 | D:2      | Reached XP level 4. HP: 20/44 MP: 4/4
  1379 | D:2      | Reached XP level 5. HP: 23/50 MP: 5/5
  2703 | D:3      | Reached XP level 6. HP: 20/57 MP: 6/6
  3216 | D:3      | Found a faded altar of an unknown god.
  3546 | D:4      | Found a shadowy altar of Dithmenos.
  3599 | D:4      | Found a snail-covered altar of Cheibriados.
  3606 | D:4      | Became a worshipper of Cheibriados the Contemplative
  3606 | D:4      | Reached * piety under Cheibriados
  3606 | D:4      | Reached ** piety under Cheibriados
  3819 | D:4      | Noticed Ijyb
  3823 | D:4      | Paralysed by Ijyb for 5 turns
  3831 | D:4      | Killed Ijyb
  3866 | D:4      | Reached skill level 5 in Stealth
  3866 | D:4      | Reached skill level 1 in Invocations
  4003 | D:4      | Found a shadowy altar of Dithmenos.
  4179 | D:5      | Entered Level 5 of the Dungeon
  4387 | D:5      | Found a staircase to the Ecumenical Temple.
  4396 | D:5      | Noticed Eustachio
  4419 | D:5      | Killed Eustachio
  4419 | D:5      | Reached XP level 7. HP: 14/64 MP: 8/8
  5033 | D:5      | Found a sacrificial altar of Ru.
  5158 | D:5      | Noticed Prince Ribbit
  5187 | D:5      | Slain by Prince Ribbit

Illustrated notes

Levels and vault maps discovered:
D:1:      dpeg_arrival_central, layout_loops_ring
D:2:      layout_rooms, first_ration, uniq_sigmund
D:3:      layout_rooms, chequers_ecumenical_altar_island
D:4:      layout_basic, amethyst_overflow_temple_binary,
          nicolae_ossuary_entry_monument, grunt_dithmenos_smoke_and_mirrors,
          uniq_ijyb
D:5:      layout_basic, nicolae_ru_great_annihilating_truth,
          minmay_temple_entry_junction, uniq_prince_ribbit1, uniq_eustachio

Skill      XL: |  1  2  3  4  5  6  7 |
---------------+----------------------+-----
Shields        | 1 2 3 4 |  4.0
Stealth        | 4 5 |  5.0
Fighting       | 4 |  4.1
Unarmed Combat | 4 |  4.6
Invocations    | 2 3 |  3.2
Dodging        | |  2.4

Action                   |  1- 3 |  4- 6 |  7- 9 || total
-------------------------+-------+-------+-------++-------
Melee: Unarmed           |    82 |   108 |   112 ||   302
       Dagger            |    17 |   220 |       ||   237
       Hand axe          |       |    31 |       ||    31
Throw: Dart              |       |    14 |     5 ||    19
 Abil: Spit Poison       |     7 |    14 |     1 ||    22
Evoke: Wand              |       |       |     5 ||     5
  Use: Scroll            |       |     8 |     1 ||     9
       Potion            |       |     1 |     1 ||     2
 Stab: Sleeping          |    10 |       |     3 ||    13
       Paralysed         |       |       |     3 ||     3
       Invisible         |       |       |     1 ||     1
  Eat: Chunk             |     1 |     5 |     1 ||     7
       Ration            |       |     1 |       ||     1
Armor: Robe              |    19 |    88 |       ||   107
       Leather armour    |       |     5 |    20 ||    25
Dodge: Dodged            |    31 |   122 |    31 ||   184
Block: Kite shield       |    40 |   157 |    53 ||   250
